 Dungeon Crawl Stone Soup version 0.28-a0-1389-gc726bef33b (webtiles) character file.

Game seed: 7266556235645932268

9 rogsnak the Gusty (level 2, 0/19 HPs)
             Began as a Demonspawn Air Elementalist on Jan 4, 2022.
             Succumbed to a goblin's poison
             ... on level 1 of the Dungeon.
             The game lasted 00:00:50 (746 turns).

rogsnak the Gusty (Demonspawn Air Elementalist)      Turns: 746, Time: 00:00:50

Health: 0/19       AC:  2    Str:  8    XL:     2   Next: 6%
Magic:  5/5        EV:  9    Int: 16    God:
Gold:   24         SH:  0    Dex: 13    Spells: 4/5 levels left

rFire   . . .      SeeInvis .   (no weapon)
rCold   . . .      Faith    .   (no shield)
rNeg    . . .      Spirit   .   a - +0 robe
rPois   .          Reflect  .   (no helmet)
rElec   .          Harm     .   (no cloak)
rCorr   .          Rampage  .   (no gloves)
Will    .....                   (no boots)
Stlth   ++........              (no amulet)
HPRegen 0.06/turn               (no ring)
MPRegen 0.09/turn               (no ring)

@: lethally poisoned (0 -> -8), constricted
A: weakness stinger 1
a: no special abilities


You were on level 1 of the Dungeon.
You visited 1 branch of the dungeon, and saw 1 of its levels.

You collected 24 gold pieces.

Inventory:

Armour
 a - a +0 robe (worn)
Jewellery
 e - an amulet of guardian spirit
Scrolls
 c - a scroll of fear {unknown}
 d - a scroll of noise {unknown}
 f - a scroll of teleportation {unknown}
Potions
 b - 2 potions of attraction {unknown}
 g - a potion of curing {unknown}


   Skills:
 + Level 1.8 Dodging
 - Level 1.8 Stealth
 + Level 2.0 Spellcasting
 * Level 1.1 Conjurations
 + Level 3.1 Air Magic


You had 4 spell levels left.
You knew the following spells:

 Your Spells              Type           Power      Damage    Failure   Level
a - Shock                 Conj/Air       32%        1d5       9%          1

Your spell library contained the following spells:

 Spells                   Type           Power      Damage    Failure   Level
 Static Discharge         Conj/Air       8%         N/A       13%         2
 Swiftness                Air            11%        N/A       17%         3
 Airstrike                Air            5%         N/A       50%         4


Dungeon Overview and Level Annotations

Branches:
Dungeon (1/15)

Altars:


Innate Abilities, Weirdness & Mutations

You have a small tail.


Message History

The ball python moves out of view.
The goblin shouts!
The endoplasm quivers.
The kobold throws a stone.
The stone barely misses you.
Casting: Shock (safe; 9% risk of failure)
Confirm with . or Enter, or press ? or * to list all spells.
Aiming: Shock (safe; 9% risk of failure)
Press: ? - help, Shift-Dir - straight line, f - ball python
Aim: a ball python (64% to hit)
Okay, then.
The ball python closely misses you. The ball python grabs you.
The ball python constricts you. The endoplasm hits you.
The kobold throws a stone.
The stone barely misses you. The ball python closely misses you.
The ball python constricts you. The endoplasm hits you.
The ball python barely misses you. The ball python constricts you.
The endoplasm barely misses you.
The goblin hits you with a +1 dagger of venom.
You are poisoned.
You feel sick. The ball python barely misses you.
The ball python constricts you. The goblin hits you but does no damage.
The endoplasm freezes you.
You are frozen.
You feel sick. The ball python bites you. The ball python constricts you.
The frilled lizard bites you but does no damage.
The ball python barely misses you. The ball python constricts you.
The endoplasm hits you.
* * * LOW HITPOINT WARNING * * *
The goblin hits you with a +1 dagger of venom.
* * * LOW HITPOINT WARNING * * *
You are more poisoned.
Unknown command.
* * * LOW HITPOINT WARNING * * *
You feel very sick.
The frilled lizard bites you but does no damage.
The kobold barely misses you.
The ball python bites you but does no damage.
The ball python constricts you. The endoplasm closely misses you.
The goblin barely misses you.
You die...

##.##
#####.#####
#.#
#.........#
#.#
#.#.#.###.#
#+# #..###.##
#.# ##.#
#..###.##
#...#.###.#
####.........#
+....g@S######
####.KlJ#
#........
#...##.###
..... ..#
#..... ..#
#.... .##
###..


You could see an endoplasm, a goblin, a ball python, a kobold and a frilled
lizard.

Vanquished Creatures
  A bat (D:1)
  2 endoplasms (D:1)
  A giant cockroach (D:1)
  A goblin (D:1)
  A quokka (D:1)
  A frilled lizard (D:1)
  A rat (D:1)
8 creatures vanquished.

Notes
Turn   | Place    | Note
-------+----------+-------------------------------------------
     0 | D:1      | rogsnak the Demonspawn Air Elementalist began the quest for
                  | the Orb.
     0 | D:1      | Reached XP level 1. HP: 13/13 MP: 3/3
   516 | D:1      | Reached skill level 3 in Air Magic
   594 | D:1      | Discovered your monstrous ancestry.
   594 | D:1      | Gained mutation: You have a small tail. [demonic ancestry]
   594 | D:1      | Reached XP level 2. HP: 19/19 MP: 0/5
   746 | D:1      | Succumbed to a goblin's poison

Illustrated notes

Levels and vault maps discovered:
D:1:      minmay_arrival_checkered_box, layout_loops_corners

Skill      XL: |  1 |
---------------+----+-----
Air Magic      | 3 |  3.1
Dodging        | |  1.8
Stealth        | |  1.8
Spellcasting   | |  2.0
Conjurations   | |  1.1

Action                   || total
-------------------------++-------
Melee: Unarmed           ||    18
 Cast: Shock             ||    14
Armor: Robe              ||     5
Dodge: Dodged            ||    26

Table legend: (Time is in decaauts)
 A = Elapsed time spent in this place.
 B = Non-inter-level travel time spent in this place.
 C = Inter-level travel time spent in this place.
 D = Time resting spent in this place.
 E = Time spent auto-exploring this place.
 F = Levels seen in this place.
 G = Mean time per level.
                   A        B        C        D        E       F      G
               +--------+--------+--------+--------+--------+-----+--------+
         Total |    746 |    746 |      0 |     45 |    623 |   1 |  746.0 |
       Dungeon |    746 |    746 |      0 |     45 |    623 |   1 |  746.0 |
               +--------+--------+--------+--------+--------+-----+--------+

Top non-repeatable levels by time:
     D:1: 746 daAuts
